 Dungeon Crawl Stone Soup version 0.30-b1-2-g02819fbbbe (webtiles) character file.

Game seed: 3640560407489267518

7964 LLlMATKO the Cleaver (level 11, -2/99 HPs)
             Began as a Minotaur Berserker on Aug 28, 2023.
             Was a High Priest of Trog.
             Slain by a boulder beetle (13 damage)
             ... on level 11 of the Dungeon.
             The game lasted 00:07:33 (8868 turns).

LLlMATKO the Cleaver (Minotaur Berserker)           Turns: 8868, Time: 00:07:33

Health: -2/99      AC: 13    Str: 25    XL:     11   Next: 3%
Magic:  10/10      EV: 19    Int:  9    God:    Trog [*****.]
Gold:   591        SH:  0    Dex: 11    Spells: 10/10 levels left

rFire   . . .        v - +2 hand axe (heavy)
rCold   . . .        (no shield)
rNeg    . . .        u - +1 ring mail "Diliuq" {Rampage Int+5 Stlth-}
rPois   .            L - +2 hat
rElec   .            g - +0 cloak
rCorr   .            t - +0 pair of gloves
SInv    .            (no boots)
Will    .....        (no amulet) Stlth
                     j - +4 ring of slaying
HPRegen 0.36/turn    B - +5 ring of evasion
MPRegen 0.12/turn

%: rampage
@: on berserk cooldown, slowed, very slow
A: horns 2, retaliatory headbutt
a: Renounce Religion, Berserk, Trog's Hand, Brothers in Arms


You were on level 11 of the Dungeon.
You worshipped Trog.
Trog was extremely pleased with you.
You visited 1 branch of the dungeon, and saw 11 of its levels.

You collected 591 gold pieces.

Inventory:

Hand Weapons
 v - a +2 heavy hand axe (weapon)
 E - a +0 spear of flaming
 J - a +4 hand axe
 K - a +4 war axe
 M - a +4 spear
Missiles
 n - 33 poisoned darts (quivered)
 F - 2 throwing nets
Armour
 g - a +0 cloak (worn)
 t - a +0 pair of gloves (worn)
 u - the +1 ring mail "Diliuq" (worn) {Rampage Int+5 Stlth-}
   (You found it on level 7 of the Dungeon)

   Int:       It affects your intelligence (+5).
   Rampage:   It bestows one free step when moving towards enemies.
   Stlth:     It makes you less stealthy.
 L - a +2 hat (worn)
Jewellery
 j - a +4 ring of slaying (left hand)
 B - a +5 ring of evasion (right hand)
 D - a ring of fire
 H - a ring of positive energy
 O - a +5 ring of evasion
 P - a ring of protection from fire
Wands
 b - a wand of quicksilver (9)
 A - a wand of polymorph (12)
 I - a wand of mindburst (12)
Scrolls
 e - 2 scrolls of enchant weapon {unknown}
 f - 7 scrolls of teleportation {unknown}
 k - 3 scrolls of fog {unknown}
 l - 7 scrolls of magic mapping {unknown}
 p - 4 scrolls of fear {unknown}
 q - 10 scrolls of identify {unknown}
 r - 2 scrolls of poison {unknown}
 w - 3 scrolls of immolation {unknown}
 y - 2 scrolls of vulnerability {unknown}
 z - a scroll of silence {unknown}
 C - a scroll of enchant armour {unknown}
Potions
 a - a potion of invisibility {unknown}
 c - a potion of brilliance {unknown}
 d - 3 potions of mutation {unknown}
 h - 3 potions of lignification {unknown}
 i - 5 potions of heal wounds {unknown}
 m - 3 potions of might {unknown}
 o - 2 potions of curing {unknown}
 s - 2 potions of flight {unknown}
 x - 3 potions of ambrosia {unknown}
 G - a potion of haste {unknown}
 N - a potion of attraction {unknown}


   Skills:
 + Level 10.1 Fighting
 + Level 10.2 Axes
 + Level 9.8 Armour
 + Level 9.0 Dodging
 + Level 7.8 Shields


You had 10 spell levels left.
You didn't know any spells.
Your spell library was empty.

Dungeon Overview and Level Annotations

Branches:
Dungeon (11/15)            Temple (0/1) D:6            Lair (0/5) D:10
    Orc: D:9-12

Altars:
Dithmenos
Gozag
Kikubaaqudgha
Makhleb
Nemelex Xobeh
Sif Muna
Vehumet
Xom

Shops:
D:10 *

Portals:
Trove: D:10 (give 12 potions of heal wounds)


Innate Abilities, Weirdness & Mutations

You have a pair of horns on your head.
You reflexively headbutt those who attack you in melee.


Message History

The centaur warrior kicks you but does no damage.
Unknown command.
You closely miss the centaur warrior.
The centaur warrior is heavily wounded.
The centaur warrior hits you.
* * * LOW HITPOINT WARNING * * *
The centaur warrior barely misses you.
The death knight calls down the wrath of Yredelemnul upon you.
Your body is wracked with pain!
* * * LOW HITPOINT WARNING * * *
You slash the centaur warrior!
The centaur warrior is almost dead.
The centaur warrior closely misses you. The centaur warrior barely misses you.
The death knight closely misses you. The centaur warrior closely misses you.
You furiously retaliate!
You headbutt the centaur warrior!
You kill the centaur warrior!
Trog accepts your kill.
Your Dodging skill increases to level 9!
You have reached level 11!
You feel a strong urge to attack something.
You are no longer berserk.
You are exhausted.
You feel yourself slow down.
The boulder beetle curls into a ball and begins rolling!
The boulder beetle attacks as you move away!
The boulder beetle completely misses you.
You furiously retaliate!
You headbutt the boulder beetle.
The boulder beetle stops rolling and uncurls.
The boulder beetle leaps!
The death knight invokes the aid of Yredelemnul against you.
Your body is wracked with pain!
* * * LOW HITPOINT WARNING * * *
The boulder beetle curls into a ball and begins rolling!
The boulder beetle hits you but does no damage.
The boulder beetle stops rolling and uncurls.
Unknown command.
You hit the boulder beetle but do no damage.
The boulder beetle is lightly wounded.
The boulder beetle bites you!
You die...

.. .. #. .# #. .# # ####+####
#. .# ## ##.......## #p .# .##
##.....##..###.#)# ...
..###+###....#.###..###'###....
..............°................
...........###.B@..p.........#>
..#####.##.# ########..###.....
..# #..#.# #..# .....
..#####..#.# #..# ....
..##.......###### #..# .##
..............<... ...# .#
#.##.##..#.###.... .....
..##.##..#.# ## ##..#
..##.....#.# #..#


You could see a death knight and a boulder beetle.

Vanquished Creatures
  A centaur warrior (D:11)
  A two-headed ogre (D:9)
  Pikel (D:6)
  Joseph (D:8)
  An elephant (D:10)
  A troll (D:9)
  A wyvern (D:7)
  4 yaks (D:10)
  A basilisk (D:10)
  An acid dragon (D:10)
  4 water moccasins
  Duvessa (D:6)
  An ice beast (D:8)
  2 sky beasts
  3 orc warriors
  4 black bears
  An ogre (D:5)
  3 centaurs
  3 kobold brigands
  A phantom (D:5)
  A lemure (D:6)
  5 bullfrogs
  2 scorpions
  12 wights
  Dowan (D:6)
  6 killer bees (D:10)
  An electric eel (D:11)
  4 howler monkeys
  A jelly (D:6)
  5 orc priests
  2 hounds
  A gnoll bouda (D:7)
  A sleepcap (D:5)
  6 iguanas
  7 orc wizards
  6 adders
  9 gnolls
  4 white imps
  An ufetubus (D:5)
  5 dart slugs
  A worm (D:4)
  24 orcs
  9 endoplasms
  2 giant cockroaches
  9 goblins
  7 hobgoblins
  4 jackals
  16 kobolds
  3 quokkas (D:1)
  7 ball pythons
  5 bats
  A frilled lizard (D:1)
  2 rats (D:1)
206 creatures vanquished.

Notes
Turn   | Place    | Note
-------+----------+-------------------------------------------
     0 | D:1      | LLlMATKO the Minotaur Berserker began the quest for the
                  | Orb.
     0 | D:1      | Reached XP level 1. HP: 19/19 MP: 0/0
   183 | D:1      | Reached XP level 2. HP: 27/27 MP: 1/1
  1020 | D:2      | Reached XP level 3. HP: 33/33 MP: 2/2
  1085 | D:2      | Found a faded altar of an unknown god.
  1149 | D:2      | Found a shimmering altar of Xom.
  1601 | D:3      | Reached XP level 4. HP: 40/40 MP: 3/3
  1694 | D:3      | Reached ** piety under Trog
  2197 | D:4      | Reached XP level 5. HP: 45/47 MP: 4/4
  2554 | D:4      | Reached skill level 5 in Fighting
  2554 | D:4      | Reached skill level 5 in Axes
  2557 | D:4      | Reached XP level 6. HP: 56/56 MP: 5/5
  2991 | D:5      | Entered Level 5 of the Dungeon
  3180 | D:5      | Reached skill level 5 in Armour
  3182 | D:5      | Reached *** piety under Trog
  3187 | D:5      | Reached XP level 7. HP: 60/62 MP: 6/6
  3454 | D:5      | Reached skill level 5 in Dodging
  3923 | D:5      | Reached skill level 1 in Shields
  4093 | D:5      | Found a shimmering blue altar of Sif Muna.
  4273 | D:5      | Found a shimmering altar of Xom.
  4403 | D:6      | Found a staircase to the Ecumenical Temple.
  4408 | D:6      | Reached XP level 8. HP: 71/71 MP: 7/7
  4749 | D:6      | Noticed Dowan
  4750 | D:6      | Noticed Pikel
  4751 | D:6      | Noticed Duvessa
  4757 | D:6      | Killed Dowan
  4760 | D:6      | Killed Pikel
  4766 | D:6      | Killed Duvessa
  4837 | D:6      | Found an ancient bone altar of Kikubaaqudgha.
  4997 | D:7      | Identified the +1 ring mail "Diliuq" {Rampage Int+5 Stlth-}
  5067 | D:7      | Reached XP level 9. HP: 79/79 MP: 8/8
  5070 | D:7      | Reached **** piety under Trog
  6050 | D:7      | Found a burning altar of Makhleb.
  6184 | D:8      | Reached skill level 5 in Shields
  6321 | D:8      | Found a radiant altar of Vehumet.
  6612 | D:8      | Noticed Joseph
  6633 | D:8      | Killed Joseph
  6634 | D:8      | Reached XP level 10. HP: 77/90 MP: 9/9
  7357 | D:9      | Noticed a two-headed ogre
  7363 | D:9      | Killed a two-headed ogre
  7520 | D:9      | Found a shadowy altar of Dithmenos.
  7595 | D:9      | Identified the +1 robe of the Louse {rPois rF+}
  8031 | D:10     | Entered Level 10 of the Dungeon
  8062 | D:10     | Noticed an elephant
  8063 | D:10     | Found a staircase to the Lair.
  8069 | D:10     | Killed an elephant
  8119 | D:10     | Found Noovaw's General Store.
  8134 | D:10     | Reached ***** piety under Trog
  8200 | D:10     | Reached skill level 10 in Axes
  8209 | D:10     | Found an opulent altar of Gozag.
  8236 | D:10     | Found a sparkling altar of Nemelex Xobeh.
  8248 | D:10     | Reached skill level 10 in Fighting
  8546 | D:10     | Found a portal to a secret trove of treasure.
  8850 | D:11     | Noticed a centaur warrior
  8851 | D:11     | Noticed a boulder beetle
  8851 | D:11     | Noticed a death knight
  8860 | D:11     | Killed a centaur warrior
  8861 | D:11     | Reached XP level 11. HP: 20/99 MP: 10/10
  8868 | D:11     | Slain by a boulder beetle

Illustrated notes

Levels and vault maps discovered:
D:1:      evilmike_arrival_crescent, layout_loops_ring
D:2:      layout_basic, shapermc_ecumenical_altar_mp_highgroup, basic_altar,
          minmay_pentomino_v2
D:3:      layout_rooms, kennysheep_generic_room_4
D:4:      layout_loops_ring
D:5:      layout_basic, mainiacjoe_overflow_alcove_2, tgw_sif
D:6:      layout_rooms, kiku_gazebo_pond_becter, minmay_temple_entry_glass,
          uniq_duvessa, uniq_pikel
D:7:      layout_cave_pods, marbit_many_paths, minivault_22
D:8:      layout_loops_cross, lemuel_tele_altar, minmay_checkerbox, uniq_joseph
D:9:      layout_loops_ring, nicolae_dithmenos_through_a_glass_darkly
D:10:     layout_cave_pools, mainiacjoe_overflow_concentric_impassable,
          grunt_gozag_statues, david_lair_generic, serial_shops, shop,
          trove_entry_hex_spiral, serial_bayou_pond_a
D:11:     minmay_the_grid_octo_tiled_octocenter
          [minmay_the_grid_octo_fan_narrow, minmay_the_grid_octo_horde,
          minmay_the_grid_octo_teeth, minmay_the_grid_octo_fat_diamond,
          minmay_the_grid_octo_prize_square_snowflake,
          minmay_the_grid_square_5x5_forky, minmay_the_grid_square_5x5_z,
          minmay_the_grid_square_5x5_minibox,
          minmay_the_grid_square_5x5_three_small], layout_basic,
          nrook_loot_triangle, moated_statue, kennysheep_boxes

Skill      XL: |  1  2  3  4  5  6  7  8  9 10 |
---------------+-------------------------------+-----
Axes           | 4 5 6 7 9 10 | 10.2
Fighting       | 4 5 6 7 8 10 | 10.1
Armour         | 3 4 5 6 7 8 9 |  9.8
Dodging        | 3 4 5 6 7 9 |  9.0
Shields        | 1 4 6 7 |  7.8

Action                     |  1- 3 |  4- 6 |  7- 9 | 10-12 || total
---------------------------+-------+-------+-------+-------++-------
  Melee: Hand axe          |    62 |    80 |   143 |    79 ||   364
         Headbutt          |    11 |    14 |    32 |    17 ||    74
         Halberd           |       |       |     6 |       ||     6
         Punch             |       |       |     1 |     1 ||     2
         Unarmed           |       |       |    12 |       ||    12
 Invoke: Berserk           |       |       |     4 |     2 ||     6
   Stab: Sleeping          |     1 |       |       |       ||     1
 Armour: Animal skin       |     7 |     3 |       |       ||    10
         Ring mail         |       |    13 |    35 |    29 ||    77
         Chain mail        |       |    12 |    50 |       ||    62
  Dodge: Dodged            |    46 |    42 |   120 |   102 ||   310
